 Dungeon Crawl Stone Soup version 0.17.0-28-g6e173f8 (webtiles) character file.

3086 Eptagon the Martial Artist (level 9, -4/64 HPs)
             Began as an Octopode Monk on Nov 27, 2015.
             Was a Priest of Cheibriados.
             Killed by nerve-wracking pain
             ... invoked by an orc priest
              (9 damage)
             ... on level 7 of the Dungeon.
             The game lasted 00:21:12 (8597 turns).

Eptagon the Martial Artist (Octopode Monk)          Turns: 8597, Time: 00:21:12

Health: -4/64      AC:  1    Str: 18      XL:     9   Next: 89%
Magic:  18/18      EV: 15    Int: 19      God:    Cheibriados [***...]
Gold:   199        SH:  0    Dex: 21 (24) Spells: 0 memorised, 8 levels left

rFire  . . .     SeeInvis .       - Unarmed
rCold  . . .     Clarity  +     (no shield)
rNeg   . . .     SustAt   .     (helmet restricted)
rPois  .         Gourm    .     x - amulet of clarity
rElec  .         Spirit   .     n - ring of magical power
rCorr  .         Warding  .     (no ring)
rMut   .         Stasis   .     (no ring)
MR     .....                    (no ring)
Stlth  ++++......               (no ring)
                                (no ring)
                                (no ring)
                                (no ring)

@: very slow, not resistant to hostile enchantments, stealthy
A: almost no armour, amphibious, 8 rings, constrict 8, camouflage 1, gelatinous
body 1
a: Bend Time, Temporal Distortion, Renounce Religion


You were on level 7 of the Dungeon.
You worshipped Cheibriados.
Cheibriados was most pleased with you.
You were not hungry.

You visited 1 branch of the dungeon, and saw 7 of its levels.

You collected 199 gold pieces.

Inventory:

Hand Weapons
 a - a +0 blowgun
 c - a +0 hunting sling of flaming
Missiles
 i - 193 stones (quivered)
 o - 2 poisoned needles
 w - 6 needles of sleeping
Jewellery
 n - a ring of magical power (left tentacle)
 x - an amulet of clarity (around mantle)
Wands
 u - a wand of confusion (20)
 A - a wand of polymorph (6)
Scrolls
 p - a scroll of magic mapping
 s - 2 scrolls of random uselessness {unknown}
 v - a scroll of identify
 y - a scroll of enchant weapon {unknown}
Potions
 d - a potion of brilliance {unknown}
 e - a potion of cancellation
 g - a potion of ambrosia {unknown}
 h - 6 potions of curing {unknown}
 j - a potion of degeneration {unknown}
 k - a potion of mutation {unknown}
 l - a potion of agility {unknown}
 t - 3 potions of heal wounds
Books
 f - a book of Clouds

   Spells                             Type                      Level
   a - Mephitic Cloud                 Conjuration/Poison/Air       3
   b - Conjure Flame                  Conjuration/Fire             3
   c - Poisonous Cloud                Conjuration/Poison/Air       6
   d - Freezing Cloud                 Conjuration/Ice/Air          6
   e - Ring of Flames                 Charms/Fire                  7
 m - a book of the Tempests

   Spells                             Type                      Level
   a - Static Discharge               Conjuration/Air              3
   b - Lightning Bolt                 Conjuration/Air              5
   c - Fireball                       Conjuration/Fire             5
   d - Tornado                        Air                          9
   e - Shatter                        Earth                        9
Comestibles
 b - 8 bread rations
 q - 5 meat rations
 r - a beef jerky


   Skills:
 + Level 7.2 Fighting
 + Level 3.7 Dodging
 - Level 2.6 Stealth
 * Level 12.0 Unarmed Combat


You had 8 spell levels left.
You didn't know any spells.

Dungeon Overview and Level Annotations

Branches:
Dungeon (7/15)
 Temple: D:4-7

Altars:
Cheibriados
Nemelex Xobeh
Vehumet

Shops:
D:5 =


Innate Abilities, Weirdness & Mutations

You cannot wear most types of armour.
You are amphibious.
You can wear up to eight rings at the same time.
You can use your tentacles to constrict eight enemies at once.
Your skin changes colour to match your surroundings (Stealth).
Your rubbery body absorbs attacks (AC +1).


Message History

The orc priest appears confused.
Evoking this partially-identified wand wasted a few charges.
You see here a short sword.
Items here: )) [ †† a club; a chain mail; a dagger; an orc corpse; an orc corpse The orc priest hits the worm with a trident of piercing.
An adder comes into view.
The adder moves out of view.
The orc priest invokes the aid of Beogh against you.
Something smites you!
* * * LOW HITPOINT WARNING * * *
Evoke which item? (* to show all) (? for menu, Esc to quit)
Zapping:
u - a wand of confusion {zapped: 2} (will waste charges)
Press: ? - help, Shift-Dir - straight line, f/p - orc priest
Aim: an orc priest, wielding a trident of piercing (chance to defeat MR: 46%)
The worm resists with significant effort.
Evoking this partially-identified wand wasted a few charges.
The orc priest calls down the wrath of Beogh upon you.
Pain shoots through your body!
You die...

#.###########
#####.# #.....#
#.##### #.# #.#
###.# ####...#
#....@########.
#.#.....S......
#....w###.#####
##.#.## # #.#o#
# #.# #.# #
#.####.#
####.#$)..w.#


You could see a worm, an orc priest and an adder.

Vanquished Creatures
  The ghost of Rationalist the Shield-Bearer, a novice FoFi of Qazlal (D:6)
  The ghost of Eptagon the Insei, an amateur OpMo of Ashenzari (D:3)
  Menkaure (D:4)
  The ghost of futacatgirl the Sneak, an amateur VSAs (D:4)
  An ice beast (D:7)
  5 ogres
  A phantom (D:5)
  Blork the orc (D:4)
  3 scorpions (D:4)
  4 wights (D:6)
  2 crimson imps
  A quasit (D:7)
  2 jellies
  2 orc priests (D:7)
  5 orc wizards
  A giant frog zombie (D:5)
  2 gnoll shamans
  3 hounds
  2 centaur skeletons
  An iguana (D:7)
  6 worker ants
  2 hound zombies (D:5)
  Robin (D:2)
  13 gnolls
  7 adders
  An ooze (D:3)
  An adder skeleton (D:6)
  An adder zombie (D:7)
  7 worms
  7 giant geckos
  20 orcs
  A ball python (D:3)
  7 giant cockroaches
  16 goblins
  8 hobgoblins
  11 kobolds
  A ball python zombie (D:5)
  7 bats
  A giant gecko zombie (D:6)
  A giant newt (D:6)
  9 jackals
  A jackal skeleton (D:2)
  8 rats
177 creatures vanquished.

Vanquished Creatures (others)
  An adder (D:2)
  A giant cockroach (D:2)
  A goblin (D:2)
3 creatures vanquished.

Grand Total: 180 creatures vanquished

Notes
Turn   | Place    | Note
--------------------------------------------------------------
     0 | D:1      | Eptagon the Octopode Monk began the quest for the Orb.
     0 | D:1      | Reached XP level 1. HP: 16/16 MP: 1/1
   242 | D:1      | Reached XP level 2. HP: 9/21 MP: 2/2
   628 | D:1      | Reached XP level 3. HP: 26/26 MP: 3/3
   728 | D:1      | Reached skill level 5 in Unarmed Combat
   954 | D:2      | Found a radiant altar of Vehumet.
  1219 | D:2      | Reached XP level 4. HP: 19/31 MP: 4/4
  1496 | D:2      | Noticed Robin
  1504 | D:2      | Killed Robin
  2142 | D:3      | Reached skill level 6 in Unarmed Combat
  2333 | D:3      | Noticed Eptagon's ghost (amateur OpMo)
  2462 | D:3      | Reached XP level 5. HP: 25/36 MP: 5/5
  3197 | D:4      | Noticed an orc warrior
  3199 | D:4      | Noticed Menkaure
  3795 | D:4      | Reached skill level 7 in Unarmed Combat
  3795 | D:4      | Reached XP level 6. HP: 42/42 MP: 6/6
  3895 | D:4      | Noticed futacatgirl's ghost (amateur VSAs)
  4127 | D:4      | Noticed Blork the orc
  4301 | D:4      | Reached skill level 8 in Unarmed Combat
  4446 | D:4      | Killed Blork the orc
  4446 | D:4      | Reached XP level 7. HP: 33/46 MP: 7/7
  4553 | D:5      | Entered Level 5 of the Dungeon
  5092 | D:5      | Reached skill level 9 in Unarmed Combat
  5256 | D:5      | Reached XP level 8. HP: 52/54 MP: 8/8
  5318 | D:5      | Found a snail-covered altar of Cheibriados.
  5326 | D:5      | Became a worshipper of Cheibriados the Contemplative
  5326 | D:5      | Reached * piety under Cheibriados
  5326 | D:5      | Reached ** piety under Cheibriados
  5608 | D:5      | Found Peyjilaj's Jewellery Boutique.
  6134 | D:3      | Killed Eptagon's ghost
  6134 | D:3      | Reached skill level 5 in Fighting
  6134 | D:3      | Reached skill level 10 in Unarmed Combat
  6224 | D:4      | Killed Menkaure
  6275 | D:4      | Killed futacatgirl's ghost
  6440 | D:6      | Reached XP level 9. HP: 44/62 MP: 9/9
  6639 | D:6      | Noticed Rationalist's ghost (novice FoFi)
  6662 | D:6      | Killed Rationalist's ghost
  6662 | D:6      | Reached skill level 11 in Unarmed Combat
  7036 | D:6      | Found a sparkling altar of Nemelex Xobeh.
  8541 | D:7      | Reached *** piety under Cheibriados
  8577 | D:7      | Reached skill level 12 in Unarmed Combat
  8597 | D:7      | Killed from afar by an orc priest

Action                   |  1- 3 |  4- 6 |  7- 9 || total
-------------------------+-------+-------+-------++-------
Melee: Unarmed           |    70 |   114 |   209 ||   393
 Fire: Blowgun           |       |     7 |     6 ||    13
       Hunting sling     |       |     5 |    11 ||    16
Evoke: Wand              |       |       |     2 ||     2
  Use: Scroll            |       |     9 |     2 ||    11
       Potion            |       |       |     1 ||     1
 Stab: Sleeping          |    14 |    10 |    12 ||    36
       Distracted        |       |     1 |     1 ||     2
  Eat: Chunk             |     1 |     6 |     7 ||    14
       Bread ration      |       |     1 |       ||     1
